 Dungeon Crawl Stone Soup version 0.22-a0-422-g9628fc8 (webtiles) character file.

43 iamserjio the Digger (level 3, 0/28 HPs)
             Began as a Draconian Earth Elementalist on May 22, 2018.
             Succumbed to a worker ant's poison
             ... on level 2 of the Dungeon.
             The game lasted 00:04:33 (1184 turns).

iamserjio the Digger (Draconian Earth Elementalist) Turns: 1184, Time: 00:04:34

Health: 0/28       AC:  5    Str: 10    XL:     3   Next: 37%
Magic:  1/6        EV: 12    Int: 16    God:
Gold:   96         SH:  0    Dex: 11    Spells: 4/7 levels left

rFire    . . .     SeeInvis .   a - +0 dagger
rCold    . . .     Gourm    .   (no shield)
rNeg     . . .     Faith    .   (armour unavailable)
rPois    .         Spirit   .   (helmet restricted)
rElec    .         Reflect  .   (no cloak)
rCorr    .         Harm     .   (no gloves)
MR       .....                  (no boots)
Stlth    ++........             (no amulet)
HPRegen  0.09/turn              (no ring)
MPRegen  0.10/turn              (no ring)

@: lethally poisoned (0 -> -10), flying, very slightly contaminated, hasted,
very quick
A: unfitting armour, cold-blooded, AC +5
a: no special abilities


You were on level 2 of the Dungeon.
You were not hungry.

You visited 1 branch of the dungeon, and saw 2 of its levels.

You collected 96 gold pieces.

Inventory:

Hand Weapons
 a - a +0 dagger (weapon)
Missiles
 b - 20 stones (quivered)
Armour
 d - a +0 pair of gloves
Jewellery
 f - a +6 ring of intelligence {unknown}
Scrolls
 e - a scroll of enchant armour {unknown}
 h - a scroll of remove curse {unknown}
 j - a scroll of identify {unknown}
 k - a scroll of immolation {unknown}
 m - a scroll of noise {unknown}
 n - a scroll of magic mapping {unknown}
 o - a scroll of random uselessness {unknown}
Potions
 g - a potion of flight
 p - a potion of magic {unknown}
Comestibles
 c - 7 rations
 l - 4 chunks of flesh


   Skills:
 + Level 1.3 Fighting
 + Level 1.8 Dodging
 - Level 1.7 Stealth
 * Level 2.5 Spellcasting
 - Level 1.0 Transmutations
 * Level 3.7 Earth Magic


You had 4 spell levels left.
You knew the following spells:

 Your Spells              Type           Power        Failure   Level  Hunger
a - Sandblast             Erth           ##....       4%          1    #......
b - Passwall              Tmut/Erth      #.........   11%         2    ##.....

Your spell library contained the following spells:

 Spells                   Type           Power        Failure   Level  Hunger
 Stone Arrow              Conj/Erth      #.....       26%         3    ###....
 Lee's Rapid Deconstruct  Erth           ##........   75%         5    ######.
 Petrify                  Tmut/Erth      #.......     58%         4    #####..


Dungeon Overview and Level Annotations

Branches:
Dungeon (2/15)

Altars:
Trog


Innate Abilities, Weirdness & Mutations

Your plain brown scales are hard. (AC +5)
You cannot fit into any form of body armour.
You are cold-blooded and may be slowed by cold attacks.


Message History

Aim: a worker ant (heavily wounded)
The blast of sand hits the worker ant.
The worker ant is severely wounded.
b - 20 stones The worker ant misses you.
You feel sick.
Some of the chunks of flesh in your inventory have rotted away.
The worker ant bites you.
You are lethally poisoned!
The worker ant poisons you!
You feel sick.
You feel sick.
You feel sick.
It was a potion of flight.
You feel very buoyant.
You fly up into the air.
You feel sick. The worker ant closely misses you. The worker ant bites you!
* * * LOW HITPOINT WARNING * * *
It was a potion of haste.
You feel yourself speed up.
You die...

.. #. #.####
#....## ####
####..# #...
#######.###...
#####........##...
##.a...#########...
#.@######## #...
#.........######.).
#########..........
#######.... #....
#.... #.### ####.#
#....#


You could see a worker ant.

Vanquished Creatures
  An adder (D:2)
  A leopard gecko (D:1)
  3 bats (D:1)
  2 giant cockroaches (D:2)
  3 hobgoblins (D:1)
  6 jackals
  3 kobolds
  5 goblins
  6 rats (D:1)
30 creatures vanquished.

Notes
Turn   | Place    | Note
-------+----------+-------------------------------------------
     0 | D:1      | iamserjio the Draconian Earth Elementalist began the quest for the Orb.
     0 | D:1      | Reached XP level 1. HP: 14/14 MP: 3/3
   306 | D:1      | Reached XP level 2. HP: 22/22 MP: 3/5
   502 | D:1      | Reached skill level 1 in Fighting
   832 | D:2      | Learned a level 2 spell: Passwall
   948 | D:2      | Reached XP level 3. HP: 28/28 MP: 4/6
   994 | D:2      | Found a bloodstained altar of Trog.
  1183 | D:2      | HP: 1/28 [worker ant (8)]
  1184 | D:2      | Succumbed to a worker ant's poison

Vault maps used:
D:1:      dpeg_arrival_fog
D:2:      nicolae_overflow_hidden_temple, lemuel_tele_altar

Skill      XL: |  1  2 |
---------------+-------+-----
Fighting       | 1 |  1.3
Dodging        | |  1.8
Stealth        | |  1.7
Spellcasting   | |  2.5
Transmutations | |  1.0
Earth Magic    | |  3.7

Action                   || total
-------------------------++-------
Melee: Dagger            ||    28
       Tailslap          ||     1
 Cast: Sandblast         ||    45
  Use: Potion            ||     2
 Stab: Sleeping          ||     1
  Eat: Chunk             ||     1
Armor: Skin              ||    19
Dodge: Dodged            ||    35

Table legend:
 A = Spawn XP
 B = Non-spawn XP
 C = Spawn XP percentage of total XP
 D = Spawn monster count
 E = Non-spawn monster count
 F = Spawn count percentage of total count
 G = Total turns spent on level
                    A         B        C        D         E        F      G
               +---------+---------+-------+---------+---------+-------+---------
         Total |       0 |      62 |   0.0 |       0 |      30 |   0.0 |  1184
               +---------+---------+-------+---------+---------+-------+---------
           D:1 |       0 |      33 |   0.0 |       0 |      21 |   0.0 |   828
           D:2 |       0 |      29 |   0.0 |       0 |       9 |   0.0 |   356
               +---------+---------+-------+---------+---------+-------+---------
